 Dungeon Crawl Stone Soup version 0.31-a0-246-g8cbcc1cb85 (webtiles) character file.

Game seed: 13750960455303325577

3054 tilp the Covert (level 9, -6/69 HPs)
             Began as a Vampire Enchanter on July 12, 2023.
             Engulfed by a steam dragon's steam (11 damage)
             ... on level 7 of the Dungeon.
             The game lasted 00:14:34 (5784 turns).

tilp the Covert (Vampire Enchanter)                 Turns: 5784, Time: 00:14:36

Health: -6/69      AC: 10    Str:  7    XL:     9   Next: 57%
Magic:  14/16      EV: 17    Int: 22    God:
Gold:   570        SH:  4    Dex: 14    Spells: 7/18 levels left

rFire   . . .        b - +8 long sword of Arrival {vamp, Fly Will+}
rCold   . . .        j - +0 buckler
rNeg    . . .        n - +1 robe {Will+}
rPois   .            (no helmet)
rElec   .            B - +2 cloak {rCorr}
rCorr   +            x - +1 pair of gloves
SInv    +            o - +1 pair of boots
Will    ++...        l - amulet of magic regeneration
Stlth   +++++++      p - +5 ring of evasion
HPRegen 0.51/turn    e - ring of Shadows {Umbra +Inv Stlth+}
MPRegen 0.55/turn

%: no passive effects
@: flying, healing quickly, wreathed by umbra
A: alive, fangs 3, see invisible, vampiric 2
a: Exsanguinate, Evoke Invisibility


You were on level 7 of the Dungeon.
You visited 2 branches of the dungeon, and saw 8 of its levels.
You also visited: Bailey.

You collected 570 gold pieces.

Inventory:

Hand Weapons
 a - a +2 dagger
 b - the +8 long sword of Arrival (weapon) {vamp, Fly Will+}
   (You found it on level 3 of the Dungeon)

   Fly:       It grants you flight.
   Will:      It increases your willpower.
 s - a +0 short sword of flaming
Missiles
 y - 4 boomerangs (quivered)
 A - 3 curare-tipped darts
Armour
 j - a +0 buckler (worn)
 n - a +1 robe of willpower (worn)
 o - a +1 pair of boots (worn)
 x - a +1 pair of gloves (worn)
 B - a +2 cloak of preservation (worn)
Magical Staves
 E - a staff of death
Jewellery
 d - an amulet of faith
 e - the ring of Shadows (right hand) {Umbra +Inv Stlth+}
   (You took it off a hobgoblin in a bailey)

   [ring of stealth]

   Umbra:     It surrounds you with an aura of shadow, increasing your stealth
   and reducing the accuracy of all others within it.
   +Inv:      It lets you turn invisible.
   Stlth:     It makes you more stealthy.
 g - an amulet of guardian spirit
 l - an amulet of magic regeneration (around neck)
 p - a +5 ring of evasion (left hand)
 q - a ring of resist corrosion
Talismans
 f - a serpent talisman
 u - a granite talisman
Wands
 r - a wand of charming (1)
 w - a wand of flame (15)
Scrolls
 k - 4 scrolls of teleportation
 v - 2 scrolls of blinking
 C - a scroll of torment
 H - a scroll of fear
Potions
 c - 2 potions of invisibility
 h - 2 potions of might
 i - 2 potions of berserk rage
 m - 4 potions of brilliance
 t - 3 potions of haste
 z - a potion of ambrosia
 D - a potion of mutation
 F - a potion of cancellation {unknown}
 J - a potion of experience


   Skills:
 - Level 6.0 Fighting
 * Level 7.6 Short Blades
 - Level 4.0 Dodging
 + Level 8.9 Stealth
 - Level 5.0 Spellcasting
 - Level 8.0 Hexes
 - Level 2.0 Evocations


You had 7 spell levels left.
You knew the following spells:

 Your Spells              Type           Power      Damage    Failure   Level
a - Ensorcelled Hibernat  Hex/Ice        46%        N/A       4%          2
b - Confusing Touch       Hex            40%        N/A       1%          3
c - Tukima's Dance        Hex            40%        N/A       1%          3
d - Dazzling Flash        Conj/Hex       46%        N/A       10%         3

Your spell library contained the following spells:

 Spells                   Type           Power      Damage    Failure   Level
 Scorch                   Fire           10%        2d5       26%         2
 Silence                  Hex/Air        11%        N/A       65%         5
 Flame Wave               Conj/Fire      5%         2d5       86%         4
 Agony                    Necr           5%         N/A       99%         5
 Summon Cactus Giant      Summ           2%         N/A       100%        6


Dungeon Overview and Level Annotations

Branches:
Dungeon (7/15)             Temple (1/1) D:7          Bailey (visited)

Altars:
Dithmenos
Gozag
Hepliaklqana
Nemelex Xobeh
Okawaru
Qazlal
Ru
Sif Muna
Uskayaw
Vehumet
Xom

Annotations:
D:3 exclusion: statue


Innate Abilities, Weirdness & Mutations

Your natural rate of healing is accelerated.
You have razor-sharp teeth.
You have supernaturally acute eyesight. (SInv)
You are afflicted with vampirism and can become a bat while bloodless.


Message History

You block the steam dragon's attack. The steam dragon misses you.
Casting: Ensorcelled Hibernation (safe; 4% risk of failure)
Confirm with . or Enter, or press ? or * to list all spells.
Aiming: Ensorcelled Hibernation (safe; 4% risk of failure)
Press: ? - help, Shift-Dir - straight line, f/p - steam dragon
Aim: a steam dragon (almost dead, umbra, chance to affect: 55%)
The steam dragon looks drowsy...
Unknown command.
You float gracefully downwards.
You feel your glee subside.
a - a +2 dagger (weapon)
The steam dragon hisses angrily.
You hit the steam dragon but do no damage.
The steam dragon is almost dead.
You block the steam dragon's attack. x2
You barely miss the steam dragon. Your bite misses the steam dragon.
The steam dragon is almost dead.
The steam dragon closely misses you. The steam dragon claws you.
* * * LOW HITPOINT WARNING * * *
You closely miss the steam dragon.
The steam dragon is almost dead.
The steam dragon bites you.
* * * LOW HITPOINT WARNING * * *
The steam dragon claws you.
* * * LOW HITPOINT WARNING * * *
Unknown command.
You hit the steam dragon but do no damage.
You bite the steam dragon, but do no damage.
The steam dragon is almost dead.
You fly up into the air.
You feel a bloodthirsty glee!
b - the +8 long sword of Arrival (weapon)
{vamp, Fly Will+} The steam dragon misses you. x2
You closely miss the steam dragon.
The steam dragon is almost dead.
The steam dragon breathes steam at you. The ball of steam hits you!
* * * LOW HITPOINT WARNING * * *
You hit the steam dragon.
The steam dragon is almost dead.
You are engulfed in a cloud of scalding steam.
You die...

.#.###.~~§~~...#
.#.##.~~~~~~~..# ..#
.#.##.~§§>~§~#.# #..#
.#.#..~~§~~~~# ...#
.#.....~~§§~.# ...#
........~~§..# ...#
########.###.####...#
#........D§..#
....#..§###@...#
........# #§.......
#.......# #§.....>.
#.#...... ......... #
#....## #.#####.#
...... ..# # ......
..# #.#


You could see a steam dragon (catching breath).

Vanquished Creatures
  Sigmund (D:5)
  Menkaure (D:6)
  A water moccasin (D:7)
  2 ogres (D:6)
  7 orc warriors
  2 black bears
  2 centaurs
  A phantom (D:6)
  Blork the orc (D:6)
  4 scorpions
  2 howler monkeys
  Crazy Yiuf (D:5)
  Ijyb (D:5)
  4 hounds
  An orc priest (D:5)
  4 orc wizards
  2 sleepcaps
  4 iguanas
  3 adders
  20 gnolls
  2 shadow imps (D:6)
  18 orcs
  5 bats
  An endoplasm (D:1)
  3 giant cockroaches
  43 goblins
  36 hobgoblins
  5 kobolds
  3 quokkas
  6 ball pythons
  A frilled lizard (D:1)
  7 rats
194 creatures vanquished.

Vanquished Creatures (collateral kills)
  2 orc warriors (Bailey)
  2 gnolls (Bailey)
  An orc (Bailey)
5 creatures vanquished.

Vanquished Creatures (others)
  A dancing weapon (Bailey)
1 creature vanquished.

Grand Total: 200 creatures vanquished

Notes
Turn   | Place    | Note
-------+----------+-------------------------------------------
     0 | D:1      | tilp the Vampire Enchanter began the quest for the Orb.
     0 | D:1      | Reached XP level 1. HP: 13/13 MP: 3/3
   195 | D:1      | Found a faded altar of an unknown god.
   214 | D:1      | Reached XP level 2. HP: 7/20 MP: 5/5
   549 | D:1      | Learned a level 2 spell: Ensorcelled Hibernation
   677 | D:2      | Reached skill level 1 in Fighting
   881 | D:2      | Gained mutation: You are afflicted with vampirism and can
                  | become a bat while bloodless. [Vampire growth]
   881 | D:2      | Reached XP level 3. HP: 26/26 MP: 3/6
   885 | D:2      | Learned a level 3 spell: Confusing Touch
  1411 | D:3      | Identified the +8 long sword of Arrival {vamp, Fly Will+}
  1751 | D:3      | Found a radiant altar of Vehumet.
  1751 | D:3      | Noticed a frost-covered statue
  2079 | D:4      | Reached XP level 4. HP: 32/32 MP: 6/8
  2083 | D:4      | Noticed a scorpion
  2089 | D:4      | Reached skill level 5 in Stealth
  2091 | D:4      | Killed a scorpion
  2092 | D:4      | Reached skill level 5 in Hexes
  2092 | D:4      | Reached XP level 5. HP: 37/38 MP: 9/9
  2145 | D:4      | Noticed an orc warrior
  2157 | D:4      | Killed an orc warrior
  2158 | D:4      | Reached XP level 6. HP: 11/46 MP: 10/10
  2594 | D:4      | Reached XP level 7. HP: 52/52 MP: 12/12
  2683 | D:4      | Learned a level 3 spell: Tukima's Dance
  2687 | D:4      | Learned a level 3 spell: Dazzling Flash
  2731 | D:4      | HP: 2/52 [kobold/+0 short sword of flaming (1)]
  3107 | D:5      | Entered Level 5 of the Dungeon
  3348 | D:5      | Found a runed translucent door.
  3349 | D:5      | Noticed Crazy Yiuf
  3487 | D:5      | Noticed Ijyb
  3497 | D:5      | Killed Ijyb
  3498 | D:5      | Reached XP level 8. HP: 60/60 MP: 14/14
  3530 | D:5      | Noticed Sigmund
  3546 | D:5      | Killed Sigmund
  3547 | D:5      | Reached skill level 5 in Short Blades
  3898 | D:5      | Killed Crazy Yiuf
  4177 | D:6      | Found a shadowy altar of Dithmenos.
  4393 | D:6      | Reached skill level 5 in Spellcasting
  4468 | D:6      | Noticed Menkaure
  4476 | D:6      | Killed Menkaure
  4477 | D:6      | Reached skill level 1 in Evocations
  4604 | D:6      | Noticed Blork the orc
  4618 | D:6      | Killed Blork the orc
  4619 | D:6      | Reached skill level 5 in Fighting
  4634 | D:6      | Reached XP level 9. HP: 58/68 MP: 16/16
  4883 | D:7      | Found a flagged portal.
  4912 | Bailey   | Entered a bailey
  5343 | Bailey   | Noticed an orc warlord
  5573 | D:7      | Found a staircase to the Ecumenical Temple.
  5584 | Temple   | Entered the Ecumenical Temple
  5784 | D:7      | Engulfed by a steam dragon's steam

Illustrated notes

Levels and vault maps discovered:
D:1:      wander_arrival_chamber, layout_rooms,
          shapermc_ecumenical_altar_mp_ritualfount, st_stairs_6,
          minmay_misc_feat_nine_boxes, minmay_hexomino_f4
D:2:      layout_basic, chequers_serial_rivers_micro_d, serial_park_tiny_2,
          st_stairs_6
D:3:      layout_loops_cross, vehumet_statue
D:4:      minmay_goblin_kobold_castle, layout_rooms
D:5:      layout_loops_ring, minivault_23, uniq_ijyb, uniq_sigmund,
          uniq_crazy_yiuf_cottage
D:6:      layout_basic, overflow_temple_1_default, amcnicky_mini_pool_small,
          grunt_ministairs_7, uniq_blork_the_orc, uniq_menkaure
D:7:      layout_basic, minmay_temple_entry_mist, serial_undead,
          serial_undead_e, serial_undead_a, serial_undead_b, serial_undead_b,
          serial_undead_b, enter_bailey_1
Temple:   nicolae_temple_x_marks_the_god

Skill      XL: |  1  2  3  4  5  6  7  8  9 |
---------------+----------------------------+-----
Fighting       | 1 2 3 5 6 |  6.0
Short Blades   | 2 3 4 6 7 |  7.6
Stealth        | 5 6 7 8 |  8.9
Spellcasting   | 3 4 5 |  5.0
Hexes          | 5 6 7 8 |  8.0
Dodging        | 3 4 |  4.0
Evocations     | 1 2 |  2.0

Action                     |  1- 3 |  4- 6 |  7- 9 || total
---------------------------+-------+-------+-------++-------
  Melee: Dagger            |    50 |     4 |    18 ||    72
         Unarmed           |    22 |       |       ||    22
         Constrict         |     5 |       |       ||     5
         Long sword        |     4 |   106 |   268 ||   378
         Bite              |       |    10 |    23 ||    33
  Throw: Boomerang         |       |       |     4 ||     4
   Cast: Ensorcelled Hiber |    15 |     1 |    13 ||    29
         Confusing Touch   |       |       |     1 ||     1
         Tukima's Dance    |       |       |     4 ||     4
  Evoke: Wand              |       |       |     2 ||     2
    Use: Scroll            |     9 |       |    10 ||    19
         Potion            |       |       |     2 ||     2
   Stab: Sleeping          |    18 |       |    18 ||    36
         Invisible         |       |       |     2 ||     2
         Distracted        |       |       |     3 ||     3
 Armour: Robe              |    14 |    19 |    61 ||    94
         Skin              |     9 |       |       ||     9
  Dodge: Dodged            |    46 |   148 |   285 ||   479
  Block: Buckler           |     3 |    37 |    73 ||   113
   Form: Anaconda          |     1 |       |       ||     1
                           |     1 |       |       ||     1

Table legend: (Time is in decaauts)
 A = Elapsed time spent in this place.
 B = Non-inter-level travel time spent in this place.
 C = Inter-level travel time spent in this place.
 D = Time resting spent in this place.
 E = Time spent auto-exploring this place.
 F = Levels seen in this place.
 G = Mean time per level.
                   A        B        C        D        E       F      G
               +--------+--------+--------+--------+--------+-----+--------+
         Total |   5900 |   5610 |    290 |    332 |   3604 |   9 |  655.6 |
       Dungeon |   5077 |   4799 |    278 |     34 |   3459 |   7 |  725.3 |
        Temple |    177 |    165 |     12 |    100 |     59 |   1 |  177.0 |
        Bailey |    645 |    645 |      0 |    198 |     86 |   1 |  645.0 |
               +--------+--------+--------+--------+--------+-----+--------+

Top non-repeatable levels by time:
     D:4: 1110 daAuts
     D:5: 908 daAuts
     D:6: 885 daAuts
     D:2: 748 daAuts
     D:3: 691 daAuts
  Bailey: 645 daAuts
     D:1: 620 daAuts
  Temple: 177 daAuts
     D:7: 113 daAuts
